 Dungeon Crawl Stone Soup version 0.29-a0-96-g93358da72b (webtiles) character file.

Game seed: 17082225492513784975

15106 Gargoyl the Cleaver (level 12, -12/78 HPs)
             Began as a Gargoyle Abyssal Knight on Feb 11, 2022.
             Was the Champion of Lugonu.
             Mangled by a large slime creature (24 damage)
             ... on level 12 of the Dungeon.
             The game lasted 00:18:55 (12211 turns).

Gargoyl the Cleaver (Gargoyle Abyssal Knight)      Turns: 12211, Time: 00:18:55

Health: -12/78     AC: 32    Str: 29    XL:     12   Next: 23%
Magic:  13/14      EV:  9    Int: 12    God:    Lugonu [******]
Gold:   310        SH:  0    Dex: 12    Spells: 11/11 levels left

rFire   + . .      SeeInvis +   F - +14 obsidian axe {vorpal, Mesm Drain Fly SInv}
rCold   + . .      Faith    .   (no shield)
rNeg    + . .      Spirit   .   u - +0 plate armour "Wemmeucw" {-Cast +Blink Regen+ Str+2}
rPois   ∞          Reflect  .   (no helmet)
rElec   +          Harm     .   O - scarf {rC+ rF+}
rCorr   .          Rampage  .   K - +0 pair of gloves
Will    .....      NoCast   +   J - +2 pair of boots
Stlth   ..........              q - amulet of the acrobat
HPRegen 1.03/turn               i - +6 ring of strength
MPRegen 0.14/turn               x - +4 ring of protection

@: flying, mesmerised
A: sickness immunity, AC +8, negative energy resistance 1, electricity
resistance, torment resistance 1, petrification resistance, agile 1
a: Renounce Religion, Evoke Blink, Depart the Abyss, Bend Space, Banish,
Corrupt, Enter the Abyss, Brand Weapon With Distortion


You were on level 12 of the Dungeon.
You worshipped Lugonu.
Lugonu was exalted by your worship.
You visited 1 branch of the dungeon, and saw 12 of its levels.
You visited the Abyss 1 time.
You also visited: Sewer.

You collected 881 gold pieces.
You spent 571 gold pieces at shops.

Inventory:

Hand Weapons
 a - a +2 hand axe
 k - a +2 whip of venom
 F - the +14 obsidian axe (weapon) {vorpal, Mesm Drain Fly SInv}
   (You found it on level 10 of the Dungeon)

   It inflicts extra damage upon your enemies.
   It occasionally summons demons to assist the wielder when it strikes in
   combat.
   Its wielder is mesmerised by any visible foes.
   It cannot be unequipped while any foes are visible.
   SInv:      It lets you see invisible.
   Fly:       It grants you flight.
   Drain:     It drains your maximum health when unequipped.
Missiles
 f - 19 poisoned darts (quivered)
 l - 5 javelins
 t - a throwing net
Armour
 u - the +0 plate armour "Wemmeucw" (worn) {-Cast +Blink Regen+ Str+2}
   (You found it on level 5 of the Dungeon)

   Str:       It affects your strength (+2).
   +Blink:    It lets you blink.
   -Cast:     It prevents spellcasting.
   Regen:     It increases your rate of health regeneration.
 J - a +2 pair of boots (worn)
 K - a +0 pair of gloves (worn)
 O - a scarf of resistance (worn)
Jewellery
 g - a ring of resist corrosion
 i - a +6 ring of strength (left hand)
 q - an amulet of the acrobat (around neck)
 x - a +4 ring of protection (right hand)
 B - a +6 ring of dexterity
 C - an amulet of magic regeneration
 G - a ring of protection from fire
 H - a +4 ring of evasion
 L - a ring of see invisible
 N - a +4 ring of protection
 Q - an amulet of reflection
 R - an amulet of faith
Wands
 j - a wand of polymorph (13)
 y - a wand of iceblast (19)
 D - a wand of paralysis (7)
Scrolls
 d - 4 scrolls of fear
 o - 3 scrolls of fog
 r - 5 scrolls of teleportation
 A - 2 scrolls of summoning
 M - 4 scrolls of identify
 P - a scroll of enchant armour {unknown}
Potions
 b - 2 potions of brilliance
 c - 8 potions of flight
 e - a potion of haste
 h - 4 potions of mutation
 m - a potion of invisibility
 p - a potion of magic
 s - 2 potions of might
 v - 6 potions of heal wounds
 w - a potion of lignification
 z - 3 potions of curing
 E - a potion of cancellation
 I - a potion of ambrosia {unknown}


   Skills:
 + Level 10.5 Fighting
 + Level 12.5(12.6) Axes
 + Level 1.3(8.9) Maces & Flails
 + Level 1.9 Throwing
 + Level 9.9 Armour
 + Level 4.0 Dodging
 + Level 2.4 Stealth
 + Level 2.9 Invocations


You had 11 spell levels left.
You didn't know any spells.
Your spell library contained the following spells:

 Spells                   Type           Power      Damage    Failure   Level
 Beastly Appendage        Tmut           0%         N/A       94%         1
 Static Discharge         Conj/Air       0%         N/A       98%         2
 Wereblood                Tmut           0%         N/A       98%         2
 Call Canine Familiar     Summ           0%         N/A       100%        3
 Confusing Touch          Hex            0%         N/A       100%        3
 Ozocubu's Armour         Ice            0%         N/A       100%        3
 Portal Projectile        Hex/Tloc       0%         N/A       100%        3
 Spider Form              Tmut/Pois      0%         N/A       100%        3
 Dispel Undead            Necr           0%         3d6       100%        4
 Leda's Liquefaction      Hex/Erth       0%         N/A       100%        4
 Sticky Flame             Conj/Fire      0%         2d3       100%        4
 Metabolic Englaciation   Hex/Ice        0%         N/A       100%        5
 Yara's Violent Unravell  Hex/Tmut       0%         3d3       100%        5
 Simulacrum               Ice/Necr       0%         N/A       100%        6
 Enfeeble                 Hex            0%         N/A       100%        7


Dungeon Overview and Level Annotations

Branches:
Dungeon (12/15)            Temple (0/1) D:5            Lair (0/6) D:11
    Orc (0/2) D:12          Sewer (visited)

Altars:
Gozag
Beogh

Shops:
D:8 =![[(

Portals:
Ice
Cave: D:11


Innate Abilities, Weirdness & Mutations

You are immune to sickness and miasma.
Your stone body is resilient. (AC +8)
You are immune to poison.
You resist negative energy. (rN+)
You are resistant to electric shocks. (rElec)
You are resistant to unholy torment.
You are immune to petrification.
You are agile. (Dex +2)


Message History

You slash the enormous slime creature!
The large slime creature barely misses you.
The enormous slime creature hits you!!!
Ouch! That really hurt!
* * * LOW HITPOINT WARNING * * *
Your red devil barely misses the enormous slime creature.
Space bends around you!
You blink.
Visions of slaying the large slime creature flood into your mind.
Throw: 4 darts (curare)
Press: ? - help, Q - select action, (/) - cycle Shift-Dir - straight line, f - large slime creature
Aim: a large slime creature (severely wounded, mesmerising, ally target, 83% to hit)
You throw a curare-tipped dart.
The curare-tipped dart hits the large slime creature.
The large slime creature is severely wounded.
Unknown command.
Throw: 3 darts (curare)
Press: ? - help, Q - select action, (/) - cycle Shift-Dir - straight line, f/p - large slime creature
Aim: a large slime creature (severely wounded, mesmerising, ally target, 83% to hit)
You throw a curare-tipped dart.
The curare-tipped dart hits the large slime creature.
The large slime creature is severely wounded.
Your red devil hits the large slime creature from afar with a +0 trident.
The large slime creature is skewered by barbed spikes.
Throw: 2 darts (curare)
Press: ? - help, Q - select action, (/) - cycle Shift-Dir - straight line, f/p - large slime creature
Aim: a large slime creature (almost dead, mesmerising, skewered by barbs, ally target, 83% to hit)
You throw a curare-tipped dart.
The curare-tipped dart hits the large slime creature.
The large slime creature is almost dead.
Throw: dart (curare)
Press: ? - help, Q - select action, (/) - cycle Shift-Dir - straight line, f/p - large slime creature
Aim: a large slime creature (almost dead, mesmerising, skewered by barbs, ally target, 83% to hit)
You throw a curare-tipped dart.
The curare-tipped dart hits the large slime creature.
The large slime creature is almost dead.
You swing at nothing.
You barely miss the large slime creature.
The large slime creature is almost dead.
The large slime creature hits you!!
You die...

.#...#.......# ......#
.#...'.......####+#### .....)+
##...#.......#.......# ......#
.....#......##.......##J.....#
.....#......+.........'......#
.....###...##........(##...###
.......#+#.#........4..# #+#
.........#####.....(.###
#......... #.#+#@J.#'#.#
#.........##...#####...##
#.........+......#......+
#........##......#......##
#........#.......#.......#
.........#.......'.......#
##.......#.......#.......#
.#.#####.##......#......##
.#.# #..+......#......+


You could see 2 large slime creatures and a friendly red devil (summoned).

Vanquished Creatures
  A boulder beetle (D:12)
  3 two-headed ogres
  The ghost of raistware the Geomancer, a novice HuEE of Vehumet (D:9)
  A manticore (D:6)
  3 unseen horrors
  A hornet (D:8)
  A polar bear (D:11)
  A meliai zombie (D:11)
  Sigmund (D:3)
  A centaur simulacrum (D:11)
  A water elemental (D:11)
  A wraith (D:11)
  A vampire (D:11)
  14 yaks
  4 steam dragons
  Grum (D:9)
  3 wargs
  2 acid dragons
  A water moccasin (D:9)
  6 orc warriors
  4 sky beasts
  A black bear (D:6)
  A meliai simulacrum (D:11)
  A necrophage (D:5)
  4 ice beasts
  An ogre (D:6)
  3 wolves (D:9)
  3 centaurs
  2 kobold brigands (D:9)
  A wyvern zombie (D:8)
  A gnoll sergeant (D:10)
  5 bullfrogs
  3 scorpions
  A water moccasin zombie (D:6)
  6 killer bees
  6 electric eels (D:11)
  A howler monkey (D:9)
  3 centaur zombies
  A bullfrog zombie (D:7)
  6 hounds
  2 jellies
  3 bullfrog skeletons
  2 centaur skeletons (D:7)
  3 orc priests
  A gnoll shaman (D:6)
  An iguana (D:5)
  19 orc wizards
  Terence (D:3)
  2 killer bee zombies
  A hound skeleton (D:4)
  3 howler monkey zombies
  15 gnolls
  5 river rats (Sewer)
  19 adders
  A shadow imp (D:6)
  An ufetubus (D:6)
  An adder skeleton (D:4)
  5 worms
  2 dart slugs
  51 orcs
  8 endoplasms
  4 giant cockroaches
  4 goblins
  6 hobgoblins
  11 jackals
  13 quokkas
  15 ball pythons
  16 bats
  7 frilled lizards
  19 kobolds
  9 rats
352 creatures vanquished.

Vanquished Creatures (collateral kills)
  A tengu conjurer (D:11)
  A yak (D:11)
  A warg (D:11)
  A wolf (D:11)
  A gnoll sergeant (D:11)
  An orc wizard (D:10)
  A gnoll (D:11)
  4 orcs
11 creatures vanquished.

Vanquished Creatures (others)
  A plant (D:11)
1 creature vanquished.

Grand Total: 364 creatures vanquished

Notes
Turn   | Place    | Note
-------+----------+-------------------------------------------
     0 | Abyss:1  | Gargoyl the Gargoyle Abyssal Knight began the quest for the
                  | Orb.
     0 | Abyss:1  | Reached XP level 1. HP: 14/14 MP: 2/2
    36 | Abyss:1  | Noticed a large abomination
    37 | D:1      | Escaped the Abyss
   177 | D:1      | Reached * piety under Lugonu
   402 | D:1      | Reached XP level 2. HP: 13/20 MP: 3/3
   413 | D:1      | Reached skill level 1 in Dodging
   493 | D:1      | Reached skill level 2 in Axes
   651 | D:1      | Reached XP level 3. HP: 24/24 MP: 4/4
  1186 | D:2      | Reached skill level 1 in Stealth
  1361 | D:2      | Found a faded altar of an unknown god.
  1385 | D:2      | Reached ** piety under Lugonu
  1388 | D:2      | Reached XP level 4. HP: 29/29 MP: 5/5
  1911 | D:2      | Reached XP level 5. HP: 27/33 MP: 6/6
  2289 | D:3      | Noticed Sigmund
  2649 | D:3      | Reached skill level 3 in Axes
  2803 | D:3      | Noticed Terence
  2818 | D:3      | Gained mutation: You are agile. (Dex +2) [potion of
                  | mutation]
  2828 | D:3      | Killed Terence
  3471 | D:3      | Killed Sigmund
  3472 | D:3      | Reached XP level 6. HP: 35/39 MP: 7/7
  3887 | D:4      | Found a glowing drain.
  3892 | Sewer    | Entered a sewer
  3903 | Sewer    | Reached skill level 1 in Maces & Flails
  3904 | Sewer    | Reached *** piety under Lugonu
  4483 | Sewer    | Reached XP level 7. HP: 41/44 MP: 8/8
  5173 | D:3      | Reached skill level 4 in Axes
  5506 | D:4      | Reached skill level 5 in Armour
  5522 | D:4      | Reached **** piety under Lugonu
  5525 | D:4      | Reached skill level 5 in Fighting
  5907 | D:5      | Entered Level 5 of the Dungeon
  6061 | D:5      | Reached XP level 8. HP: 33/49 MP: 9/9
  6172 | D:5      | Noticed a yak
  6173 | D:5      | Noticed a yak
  6173 | D:5      | Noticed a yak
  6173 | D:5      | Noticed a yak
  6173 | D:5      | Noticed a yak
  6246 | D:5      | Found a staircase to the Ecumenical Temple.
  6263 | D:4      | Reached skill level 5 in Axes
  6404 | D:5      | Identified the +0 plate armour "Wemmeucw" {-Cast +Blink
                  | Regen+ Str+2}
  6552 | D:5      | Killed a yak
  6562 | D:5      | Killed a yak
  6576 | D:5      | Killed a yak
  6577 | D:5      | Reached skill level 6 in Axes
  6582 | D:5      | Killed a yak
  6583 | D:5      | Reached XP level 9. HP: 37/55 MP: 10/10
  6813 | D:5      | Reached skill level 7 in Axes
  7043 | D:6      | Noticed a gargoyle
  7048 | D:6      | Noticed a two-headed ogre
  7204 | D:5      | Killed a two-headed ogre
  7205 | D:5      | Reached skill level 8 in Axes
  7259 | D:6      | Reached ***** piety under Lugonu
  7259 | D:6      | Banished a gargoyle
  7260 | D:6      | Reached skill level 1 in Throwing
  7260 | D:6      | Reached XP level 10. HP: 36/63 MP: 6/11
  7515 | D:6      | Reached skill level 9 in Axes
  7745 | D:6      | Noticed a manticore
  7758 | D:6      | Killed a manticore
  8132 | D:7      | Found an opulent altar of Gozag.
  8613 | D:8      | Found Weonill's Antique Armour Boutique.
  8724 | D:8      | Found Araitez's Distillery.
  8745 | D:8      | Bought a potion of might for 52 gold pieces
  8745 | D:8      | Bought a potion of berserk rage for 65 gold pieces
  8865 | D:8      | Killed an unseen horror
  9029 | D:8      | Found Kufeps Nesy's Armour Shop.
  9034 | D:8      | Bought a +2 cloak of poison resistance for 240 gold pieces
  9034 | D:8      | Bought a +2 pair of boots for 214 gold pieces
  9127 | D:8      | Found Voig Jad's Weapon Shop.
  9408 | D:8      | Found Kuomp's Jewellery Boutique.
  9686 | D:9      | Noticed a two-headed ogre
  9697 | D:9      | Killed a two-headed ogre
  9698 | D:9      | Reached skill level 10 in Axes
  9774 | D:9      | Reached XP level 11. HP: 68/69 MP: 13/13
  9801 | D:9      | Found a runed translucent gate.
  9801 | D:9      | Noticed raistware's ghost (novice HuEE)
  9802 | D:9      | Found a runed translucent gate.
  9803 | D:9      | Found a runed translucent gate.
 10531 | D:9      | Noticed Grum
 10549 | D:9      | Killed Grum
 10560 | D:9      | Reached skill level 11 in Axes
 10775 | D:9      | Killed raistware's ghost
 10855 | D:10     | Entered Level 10 of the Dungeon
 10922 | D:10     | Found the +14 obsidian axe {vorpal, Mesm Drain Fly SInv}
 11090 | D:10     | Reached ****** piety under Lugonu
 11376 | D:11     | Noticed a two-headed ogre
 11381 | D:11     | Killed a two-headed ogre
 11408 | D:11     | Found a frozen archway.
 11572 | D:11     | Reached skill level 10 in Fighting
 11592 | D:11     | Found a staircase to the Lair.
 11607 | D:11     | Reached skill level 12 in Axes
 11651 | D:11     | Reached XP level 12. HP: 72/77 MP: 14/14
 12023 | D:12     | Found a staircase to the Orcish Mines.
 12046 | D:12     | Noticed a boulder beetle
 12056 | D:12     | Killed a boulder beetle
 12211 | D:12     | Mangled by a large slime creature

Illustrated notes

Levels and vault maps discovered:
D:1:      noname_arrival_rooms_in_the_neighbourhood, layout_rooms,
          minmay_bisected
D:2:      layout_rooms, hellmonk_ecumenical_altar_run_dry
D:3:      layout_basic, uniq_terence, uniq_sigmund
D:4:      layout_rooms, cheibrodos_sewer_entry_bend, small_statue_intersection,
          minmay_misc_feat_enclosed
D:5:      layout_rooms, minmay_temple_entry_statues_pillars,
          nicolae_fountain_basement
D:6:      hangedman_cross_stitches, layout_rooms
D:7:      layout_loops_ring, mainiacjoe_overflow_alcove_4
D:8:      layout_basic, serial_shops, shop, shop, shop, nicolae_square_shop,
          shop, serial_aquarium, aquarium_bridge_square
          [aquarium_subvault_balcony, aquarium_subvault_bridge,
          aquarium_subvault_balcony, aquarium_subvault_bridge],
          aquarium_window_corridor_2, aquarium_window_2, aquarium_view_2e,
          aquarium_view_2d
D:9:      layout_grid_maze, biasface_ghost_orc_armoury, mrwooster_statue_mirror,
          uniq_grum
D:10:     layout_basic, kennysheep_decorative_pillar,
          dreamdust_deal_with_the_devil, hangedman_misty_isle
D:11:     layout_basic, erik_lair_orcish_takeover, serial_ice, serial_ice_h,
          serial_ice_b, serial_ice_f, serial_ice_e,
          portal_ice_cave_entry_pillars_1
D:12:     nicolae_cairo_tiling_very_big, layout_irregular_city, orc_0_dummy

Skill      XL: |  1  2  3  4  5  6  7  8  9 10 11 |
---------------+----------------------------------+-----
Dodging        | 1 3 4 |  4.0
Axes           | 2 3 4 6 8 10 12 | 12.5
Fighting       | 4 5 6 7 8 10 | 10.5
Stealth        | 1 2 |  2.4
Armour         | 3 4 5 7 8 9 |  9.9
Maces & Flails | 1 |  1.3
Throwing       | 1 |  1.9
Invocations    | |  2.9

Action                   |  1- 3 |  4- 6 |  7- 9 | 10-12 || total
-------------------------+-------+-------+-------+-------++-------
Melee: Hand axe          |    89 |   157 |   381 |   453 ||  1080
       Whip              |       |    55 |       |       ||    55
       Punch             |       |     1 |     5 |    12 ||    18
       Broad axe         |       |       |       |    94 ||    94
Throw: Dart              |       |     2 |     5 |    12 ||    19
       Javelin           |       |       |     2 |     2 ||     4
Invok: Depart the Abyss  |     1 |       |       |       ||     1
       Bend Space        |       |       |     1 |     1 ||     2
       Banish            |       |       |     1 |       ||     1
  Use: Scroll            |       |     6 |     5 |     9 ||    20
       Potion            |       |     2 |       |     2 ||     4
Armor: Ring mail         |    44 |   139 |   143 |       ||   326
       Leather armour    |     1 |       |       |       ||     1
       Troll leather arm |       |       |    47 |       ||    47
       Plate armour      |       |       |   112 |   495 ||   607
Dodge: Dodged            |    78 |   202 |   288 |   382 ||   950

Table legend: (Time is in decaauts)
 A = Elapsed time spent in this place.
 B = Non-inter-level travel time spent in this place.
 C = Inter-level travel time spent in this place.
 D = Time resting spent in this place.
 E = Time spent auto-exploring this place.
 F = Levels seen in this place.
 G = Mean time per level.
                   A        B        C        D        E       F      G
               +--------+--------+--------+--------+--------+-----+--------+
         Total |  12360 |  12051 |    309 |   1078 |   7754 |  14 |  882.9 |
       Dungeon |  11065 |  10756 |    309 |    853 |   7089 |  12 |  922.1 |
         Abyss |     47 |     47 |      0 |      0 |     43 |   1 |   47.0 |
         Sewer |   1247 |   1247 |      0 |    225 |    621 |   1 | 1247.0 |
               +--------+--------+--------+--------+--------+-----+--------+

Top non-repeatable levels by time:
     D:3: 1767 daAuts
   Sewer: 1247 daAuts
     D:2: 1160 daAuts
     D:9: 1148 daAuts
     D:1: 1106 daAuts
     D:4: 1084 daAuts
     D:8: 1032 daAuts
     D:5: 938 daAuts
     D:6: 749 daAuts
     D:7: 724 daAuts
    D:11: 626 daAuts
    D:10: 519 daAuts
    D:12: 209 daAuts
 Abyss:1: 47 daAuts
